 Dungeon Crawl Stone Soup version 0.21-a0-352-g5b8f553 (webtiles) character file.

675 pkoi the Ruffian (level 7, -6/57 HPs)
             Began as a Green Draconian Gladiator on Oct 11, 2017.
             Was an Initiate of Okawaru.
             Mangled by a gnoll
             ... wielding a +4 whip of distortion
              (13 damage)
             ... on level 5 of the Dungeon.
             The game lasted 00:06:47 (5580 turns).

pkoi the Ruffian (Green Draconian Gladiator)        Turns: 5580, Time: 00:06:48

Health: -6/57      AC:  7    Str: 16    XL:     7   Next: 33%
Magic:  3/7        EV: 13    Int:  6    God:    Okawaru [......]
Gold:   134        SH:  0    Dex: 12    Spells: 1/6 levels left

rFire    . . .     SeeInvis .     - Unarmed
rCold    . . .     Gourm    .   (no shield)
rNeg     . . .     Faith    .   (armour unavailable)
rPois    +         Spirit   .   a - +1 hat
rElec    .         Reflect  .   (no cloak)
rCorr    .         Harm     .   (no gloves)
MR       .....                  (no boots)
Stlth    ++........             (no amulet)
HPRegen  0.19/turn              s - ring of stealth
MPRegen  0.10/turn              A - -5 ring of intelligence (curse)

@: about to teleport, very slightly contaminated
A: breathe noxious fumes, unfitting armour, poison resistance, cold-blooded, AC
+6
a: Breathe Noxious Fumes, Renounce Religion


You were on level 5 of the Dungeon.
You worshipped Okawaru.
Okawaru was noncommittal.
You were not hungry.

You visited 1 branch of the dungeon, and saw 5 of its levels.

You collected 409 gold pieces.
You spent 275 gold pieces at shops.

Inventory:

Missiles
 b - 5 throwing nets (quivered)
 e - 3 silver tomahawks
 l - 49 arrows
Armour
 a - a +1 hat (worn)
Jewellery
 s - a ring of stealth (left hand)
 A - a cursed -5 ring of intelligence (right hand)
 C - an uncursed ring of poison resistance {unknown}
Wands
 p - a wand of flame (24/48)
 q - a wand of disintegration (18/24)
 z - a wand of confusion (28/48)
Scrolls
 g - 4 scrolls of remove curse
 m - 4 scrolls of teleportation
 r - 2 scrolls of identify
 v - a scroll of magic mapping
 x - a scroll of fear
 y - 4 scrolls of enchant armour
Potions
 f - 3 potions of haste
 h - 2 potions of curing {unknown}
 i - a potion of cancellation {unknown}
 j - 3 potions of ambrosia
 k - 3 potions of lignification {unknown}
 n - a potion of heal wounds {unknown}
 o - 2 potions of mutation {unknown}
 t - a potion of agility {unknown}
 u - a potion of degeneration {unknown}
Books
 w - a book of Changes

   Spells                             Type                      Level
   a - Beastly Appendage              Transmutation                1
   b - Sticks to Snakes               Transmutation                2
   c - Spider Form                    Transmutation/Poison         3
   d - Ice Form                       Ice/Transmutation            4
   e - Blade Hands                    Transmutation                5
Comestibles
 c - 2 bread rations
 d - 7 fruits
 B - 7 chunks of flesh


   Skills:
 + Level 3.0 Fighting
 - Level 1.7 Throwing
 + Level 3.2 Dodging
 + Level 7.8 Unarmed Combat
 + Level 1.6 Transmutations
 - Level 1.2 Poison Magic


You had one spell level left.
You knew the following spells:

 Your Spells              Type           Power        Failure   Level  Hunger
a - Spider Form           Tmut/Pois      #.........   63%         3    ####...
b - Sticks to Snakes      Tmut           #.......     36%         2    ###....


Dungeon Overview and Level Annotations

Branches:
Dungeon (5/15)             Temple (0/1) D:5

Altars:
Ashenzari
Okawaru
Trog

Shops:
D:4 :

Annotations:
D:2 Sigmund


Innate Abilities, Weirdness & Mutations

You can breathe blasts of noxious fumes.
Your lurid green scales are hard. (AC +6)
You cannot fit into any form of body armour.
Your system is resistant to poisons. (rPois)
You are cold-blooded and may be slowed by cold attacks.


Message History

The gnoll hits you with a whip of distortion.
You feel strangely unstable.
Your ball python bites the gnoll but does no damage.
Your ball python constricts the gnoll.
The gnoll hits you with a whip of distortion!
Space warps horribly around you!
* * * LOW HITPOINT WARNING * * *
The gnoll hits you but does no damage.
You barely miss the gnoll.
You tail-slap the gnoll, but do no damage.
The gnoll is moderately wounded.
Your ball python bites the gnoll but does no damage.
Your ball python constricts the gnoll.
The gnoll barely misses you. The gnoll closely misses you.
You punch the gnoll!
The gnoll is heavily wounded.
The gnoll hits you with a whip of distortion!
* * * LOW HITPOINT WARNING * * *
Space warps horribly around you!
You die...

### #.# #.# ##### #.# #...#
########.######
#...##########..Sg....##...
#.......#.......@g.g...#.####
#...###...############......###
....##..### ###......#
....#..## ##.....# ....#.##
##....#.# .##...# #....#..
.##..## ##...### .##..# #......
###..# #......


You could see a gnoll sergeant, 2 gnolls and a friendly ball python.

Vanquished Creatures
  A phantom (D:4)
  A scorpion (D:4)
  A howler monkey (D:5)
  A bullfrog skeleton (D:5)
  An iguana (D:4)
  An orc priest (D:5)
  2 orc wizards
  Terence (D:3)
  Jessica (D:2)
  A worker ant (D:5)
  15 gnolls
  3 adders
  2 adder skeletons (D:4)
  2 dart slugs
  2 leopard geckos
  8 orcs
  2 ball pythons
  12 bats
  5 giant cockroaches
  6 goblins
  5 hobgoblins
  9 jackals
  8 kobolds
  3 quokkas
  6 frilled lizards
  A quokka skeleton (D:5)
  7 rats
107 creatures vanquished.

Notes
Turn   | Place    | Note
-------+----------+-------------------------------------------
     0 | D:1      | pkoi the Draconian Gladiator began the quest for the Orb.
     0 | D:1      | Reached XP level 1. HP: 17/17 MP: 1/1
   185 | D:1      | Reached XP level 2. HP: 20/24 MP: 2/2
   529 | D:1      | Reached skill level 4 in Unarmed Combat
   731 | D:2      | Reached XP level 3. HP: 28/29 MP: 3/3
   861 | D:2      | Noticed Jessica
   864 | D:2      | Found a shattered altar of Ashenzari.
   866 | D:2      | Killed Jessica
   906 | D:2      | Reached XP level 4. HP: 32/36 MP: 4/4
   999 | D:2      | Reached skill level 5 in Unarmed Combat
  1201 | D:2      | Noticed Sigmund
  1546 | D:3      | Noticed Terence
  1904 | D:3      | Reached XP level 5. HP: 32/41 MP: 5/5
  2227 | D:3      | Reached skill level 6 in Unarmed Combat
  3087 | D:4      | Reached XP level 6. HP: 23/48 MP: 6/6
  3255 | D:4      | Reached skill level 7 in Unarmed Combat
  3304 | D:4      | Found an iron altar of Okawaru.
  3312 | D:4      | Became a worshipper of Warmaster Okawaru
  3549 | D:4      | Found Hifiqus's Book Boutique.
  3559 | D:4      | Bought a book of Changes for 275 gold pieces
  3563 | D:4      | Learned a level 3 spell: Spider Form
  3860 | D:4      | Found an iron altar of Okawaru.
  4070 | D:5      | Entered Level 5 of the Dungeon
  4339 | D:5      | Found a staircase to the Ecumenical Temple.
  4534 | D:5      | Reached skill level 1 in Poison Magic
  4534 | D:5      | Your scales start taking on a lurid green colour.
  4534 | D:5      | Reached XP level 7. HP: 34/56 MP: 7/7
  4534 | D:5      | Gained mutation: Your system is resistant to poisons. (rPois) [Green Draconian growth]
  4868 | D:3      | Killed Terence
  4868 | D:3      | Reached skill level 1 in Transmutations
  4930 | D:1      | Learned a level 2 spell: Sticks to Snakes
  4971 | D:2      | Found a bloodstained altar of Trog.
  5580 | D:5      | Mangled by a gnoll

Vault maps used:
D:1:      elethiomel_arrival_maze
D:2:      marbit_many_paths, lemuel_crystal_altar, uniq_sigmund, uniq_jessica
D:3:      first_bread, uniq_terence
D:4:      okawaru_altar_gauntlet_db, serial_shops, shop, kennysheep_flooded_box,
          hangedman_decor_clover_reticule
D:5:      minmay_temple_entry_statues_pillars, minmay_large_rounded_square

Skill      XL: |  1  2  3  4  5  6  7 |
---------------+----------------------+-----
Unarmed Combat | 4 5 6 7 |  7.8
Poison Magic   | 1 |  1.2
Dodging        | 3 |  3.2
Transmutations | 1 |  1.6
Fighting       | 3 |  3.0
Throwing       | |  1.7

Action                   |  1- 3 |  4- 6 |  7- 9 || total
-------------------------+-------+-------+-------++-------
Melee: Unarmed           |   114 |   271 |    32 ||   417
       Tailslap          |    14 |    31 |     3 ||    48
       Punch             |     1 |     2 |       ||     3
 Cast: Sticks to Snakes  |       |       |     1 ||     1
  Use: Scroll            |       |     7 |       ||     7
 Stab: Sleeping          |     1 |     2 |       ||     3
  Eat: Chunk             |       |    12 |     3 ||    15
Armor: Skin              |    51 |    61 |     9 ||   121
Dodge: Dodged            |   104 |   172 |    20 ||   296

Table legend:
 A = Spawn XP
 B = Non-spawn XP
 C = Spawn XP percentage of total XP
 D = Spawn monster count
 E = Non-spawn monster count
 F = Spawn count percentage of total count
 G = Total turns spent on level
                    A         B        C        D         E        F      G
               +---------+---------+-------+---------+---------+-------+---------
         Total |       0 |     965 |   0.0 |       0 |     107 |   0.0 |  5580
               +---------+---------+-------+---------+---------+-------+---------
           D:1 |       0 |      40 |   0.0 |       0 |      22 |   0.0 |   749
           D:2 |       0 |     154 |   0.0 |       0 |      34 |   0.0 |  1175
           D:3 |       0 |     220 |   0.0 |       0 |      24 |   0.0 |  1467
           D:4 |       0 |     317 |   0.0 |       0 |      17 |   0.0 |  1375
           D:5 |       0 |     234 |   0.0 |       0 |      10 |   0.0 |   814
               +---------+---------+-------+---------+---------+-------+---------
